Map: Disco Bloodbath LE

Players

neUtricK

  • Race: Terran Terran
  • League: Diamond
  • Spawn Location: 3:00

Mez - Winner!

  • Race: Terran Terran
  • League: Master
  • Spawn Location: 9:00

VOD

Have the link to the VOD?

Description

Time

  • Played on: Aug. 30, 2019, 8:42 a.m.
  • Length: 5:55
Show
View Real Time Build Order
Export as new Build Order

neUtricK Terran 

Build Orders:  

Get SALT Encoding   

  12  0:01  SCV  
  13  0:13  SCV  
  14  0:17  Supply Depot  
  14  0:25  SCV  
  15  0:38  SCV  
  15  0:42  Refinery  
  16  0:53  SCV  
  17  0:59  Barracks  
  17  1:07  Barracks  
  17  1:34  Refinery  
  17  1:45  Barracks Tech Lab  
  17  1:47  Orbital Command  
  17  2:05  Marauder, Concussive Shells  
  19  2:09  Barracks Tech Lab  
  19  2:14  SCV  
  19  2:21  Supply Depot  
  19  2:26  SCV, Marauder  
  22  2:38  SCV  
  22  2:43  Marauder  
  25  2:48  Marauder  
  25  2:50  SCV  
  28  2:55  Factory  
  28  3:04  Supply Depot  
  28  3:05  SCV  
  29  3:17  Marauder  
  31  3:25  SCV  
  31  3:26  Marauder  
  31  3:34  Stimpack  
  34  3:42  Starport  
  34  3:44  Factory Reactor  
  34  3:48  SCV  
  35  3:55  Supply Depot  
  35  4:00  SCV  
  36  4:12  SCV  
  37  4:24  SCV  
  37  4:28  Viking  
  37  4:31  Factory Tech Lab, Medivac  
  42  4:33  Engineering Bay  
  42  4:36  Supply Depot  
  42  4:49  SCV  
  42  4:54  Cyclone  
  42  4:59  Medivac  
  43  5:01  SCV  
  43  5:04  Missile Turret  
  40  5:13  SCV  
  40  5:25  Marine  
  40  5:26  Marine  
  42  5:30  SCV  
Show
View Real Time Build Order
Export as new Build Order

Mez Terran - Winner!

Build Orders:  

Get SALT Encoding   

  12  0:00  SCV  
  13  0:12  SCV  
  14  0:17  Supply Depot  
  14  0:25  SCV  
  15  0:29  Refinery  
  15  0:38  SCV  
  16  0:45  Barracks  
  16  0:52  SCV  
  17  1:04  SCV  
  18  1:17  SCV  
  19  1:34  Orbital Command  
  19  1:37  Marine  
  20  1:40  Factory  
  20  1:46  Supply Depot  
  19  1:56  Bunker  
  19  1:57  Marine  
  20  2:02  Refinery  
  20  2:09  SCV  
  21  2:17  Marine  
  21  2:21  SCV  
  23  2:26  Widow Mine  
  25  2:41  Barracks Reactor  
  25  2:46  SCV, Starport  
  26  2:53  Factory Tech Lab  
  26  2:58  SCV  
  27  3:04  Supply Depot  
  27  3:10  SCV  
  28  3:20  Marine x2  
  28  3:22  SCV  
  31  3:35  Banshee  
  31  3:37  Command Center  
  31  3:41  Marine x2  
  34  3:44  Factory Tech Lab  
  36  3:49  Supply Depot  
  36  4:00  Marine x2  
  38  4:11  Siege Tank, Supply Depot  
  41  4:18  Banshee  
  41  4:22  Marine x2  
  46  4:24  Cloaking Field  
  46  4:40  Marine x2  
  46  4:43  Siege Tank  
  51  4:59  SCV  
  53  5:09  Banshee  
  53  5:10  Marine x2  
  54  5:23  Siege Tank  
  54  5:28  SCV  
  58  5:30  Barracks  
  58  5:32  Barracks  
  55  5:43  SCV  
Tags
 
Add a new tag
Caveats
  • Supply blocks, unpowered buildings, or Contaminate may cause inaccurate times.
  • Supply counts are checked every 10 seconds.